Zazza, lawful female dwarven Valkyrie # ---|-- ------- --------- ------------ ...^.| |.....-### ----- |.......| |..........| |....| |.....| # |.%|.| |........############-..........| |....| ......| ##..|.(| |.......| ###|.%......... #-.<..| |.....| |.%.(| |.......| # #|.....^....| ###---.-- -----|- .|..| ------.-- ### #--------.--- # # ## %|%| # # ########################h# # ---- ### ### # # # # @ ### # # ## # ### # ### # ## # -.------- # # # ### -|----------# |........## ## ## # |..........|# |.......| ---.-- # |...........# |.......| |.....##### # |..........| --------- |....| # --|-- |........).| |....| ##.>..| ------------ |....| |...| ------ ----- Zazza the Woman-at-arms Experience level: 12 Strength: 18/09 Dexterity: 15 Constitution: 18 Intelligence: 3 Wisdom: 11 Charisma: 10 Health: 94(110) Energy: 20(20) Def: 23 Gold: 0 Moves: 32339 Dungeon seed: 6mXtjJYLvTvI8TMI Game ID: Zazza_1562195294 Your Inventory: Weapons a - a rusty very corroded +1 long sword (weapon in hand) Armor e - an uncursed rotted +3 small shield (being worn) g - a cursed +2 gray dragon scale mail (being worn) h - an uncursed +0 oilskin cloak (being worn) p - an uncursed +0 pair of leather gloves (being worn) O - an uncursed +0 pair of elven boots (being worn) Comestibles b - an uncursed egg s - an uncursed C-ration t - an uncursed K-ration J - an uncursed partly eaten lizard corpse M - 3 uncursed lizard corpses Rings j - an uncursed ring of free action (on left hand) C - an uncursed ring of slow digestion (on right hand) Tools k - an uncursed skeleton key u - a +0 unicorn horn z - a blessed bag of holding R - an uncursed chest Gems Z - an uncursed luckstone Contents of the bag of holding: 3883 gold pieces Spells and supernatural/magical abilities: Name Level Category Fail Memory a - force bolt 1 attack 57% 94% k - knock 1 matter 57% 94% n - detect monsters 1 divination 57% 94% z - sleep 1 enchantment 57% 94% W - pray for help -- divine ? -- Your skills at the end: Fighting Skills Weapon Skills dagger [Basic] long sword [Expert] Spellcasting Skills Final Attributes: You were piously aligned. You were fire resistant. You were cold resistant. You were sleep resistant. You were poison resistant. You were magic-protected. You saw invisible. You were telepathic. You had infravision. You were invisible to others. You were stealthy. You had slower digestion. You were protected. You had free action. You were lucky. You had extra luck. Bad luck did not time out for you. Good luck did not time out for you. You are dead (2nd time!). Vanquished creatures: an orange dragon a titanothere a trapper a water troll a lurker above an ettin a golden naga a vampire 3 ghosts 2 giant mimics 2 zruties 3 ogre kings a doppelganger a large mimic 2 stalkers an air elemental a fire elemental a water elemental a hill giant a giant mummy a black naga a xorn 3 giant zombies 5 elf-lords a sergeant a warg a winter wolf 9 small mimics a glass piercer 4 xans 2 ettin mummies 2 ogre lords 4 quantum mechanics 5 trolls a sasquatch a shark an electric eel a gelatinous cube a pyrolisk 2 shocking spheres a large cat a tiger 2 gargoyles a tengu 3 ochre jellies 3 leocrottas a mountain centaur an elf mummy a human mummy 2 red nagas 2 pit vipers 2 pythons a cobra a carnivorous ape 3 ettin zombies a leather golem 2 Grey-elves 5 soldiers 5 chameleons a crocodile 7 giant beetles 2 quivering blobs 4 cockatrices 10 wolves 6 winter wolf cubs a lynx a panther a gremlin 5 leprechauns 2 orc-captains 2 iron piercers a mumak 5 giant spiders 3 horses 2 black lights a vampire bat a forest centaur a gnome king an orc mummy 2 dwarf mummies 3 brown puddings 3 owlbears 3 yetis a gold golem 2 werewolves 5 Green-elves 9 lizards 6 chickatrices 3 dogs 2 dingos a housecat 3 jaguars 4 blue jellies a gray unicorn 2 dust vortices 4 plains centaurs a gnome mummy 2 snakes an ape 7 human zombies 2 rope golems 9 Woodland-elves 7 soldier ants 27 fire ants 13 bugbears 2 imps 2 quasits 2 water nymphs a mountain nymph 7 Mordor orcs 13 Uruk-hai 4 orc shamans 4 rock piercers 10 rock moles 9 ponies 4 fog clouds 9 yellow lights 8 shriekers 4 gnome lords 5 gnomish wizards 6 kobold mummies 2 red naga hatchlings 2 gray oozes a barrow wight 4 elf zombies a ghoul 5 straw golems a baby crocodile 10 giant ants 3 little dogs 7 floating eyes 5 kittens 2 dwarves 5 homunculi 3 kobold lords a kobold shaman 34 hill orcs 8 rothes 2 rabid rats 2 centipedes 4 giant bats 3 monkeys 2 orc zombies 3 dwarf zombies 2 wererats 3 werejackals 8 iguanas 8 killer bees 7 acid blobs 8 coyotes 3 gas spores 7 hobbits 16 manes a large kobold 19 hobgoblins 15 giant rats 9 cave spiders 3 brown molds 4 yellow molds 3 green molds 4 red molds 9 gnomes 19 garter snakes 4 gnome zombies 7 geckos 3 jackals 6 foxes 4 kobolds 9 goblins 11 sewer rats 22 grid bugs 8 bats 14 lichens 4 kobold zombies 12 newts 744 creatures vanquished. Voluntary challenges: You had been an atheist until turn 4292. You used a wielded weapon 1688 times, starting on turn 2. You read items or engraved 23 times, starting on turn 3137. You never genocided any monsters. You never polymorphed an object. You never changed form. You used no wishes. You split 1 pudding, starting on turn 14836. You never wrote Elbereth's name. You violated your moral code, losing 56 points of alignment, starting on turn 14198. Dungeon overview: The Dungeons of Doom: levels 1 to 23 Level 1 some fountains a long staircase Level 2 a general store, a fountain Level 3 a general store stairs to The Gnomish Mines Level 4 a general store, some fountains Level 5 Level 6 (two nymphs) a scroll shop, a fountain Level 7 many fountains Level 8 stairs to Sokoban Level 9 a fountain, a throne Level 10 a fountain, a throne Level 11 (stash) a throne Level 12 (unicorn) Level 13 a fountain portal to Fort Ludios Level 14 a magic portal Level 15 (oldschool) Level 16 a potion shop, a fountain Level 17 (leprechauns) Level 18 (cemetary + vault) <- You were here Level 19 (zoo) an altar to Tyr Level 20 Level 21 a fountain Level 22 (Wraiths + vault) a fountain Level 23 (zoo) The Gnomish Mines: levels 4 to 11 Level 4 stairs to The Dungeons of Doom Level 5 Level 6 Level 7 many shops, a temple to Tyr, some fountains Level 8 Level 9 Level 10 Level 11 Sokoban: levels 4 to 7 Level 4 Level 5 Level 6 Level 7 stairs to The Dungeons of Doom Fort Ludios: Level 1 portal to The Dungeons of Doom History has recorded: On T:1 you entered the Dungeons of Doom to retrieve the Amulet of Yendor! On T:85 you advanced to experience level 2. On T:456 you reached level 2 of The Dungeons of Doom. On T:505 you advanced to experience level 3. On T:900 you reached level 3 of The Dungeons of Doom. On T:1149 you reached level 1 of The Gnomish Mines. On T:1185 you reached level 4 of The Dungeons of Doom. On T:1453 you reached level 5 of The Dungeons of Doom. On T:1514 you reached level 6 of The Dungeons of Doom. On T:1996 you advanced to experience level 4. On T:2551 you advanced to experience level 5. On T:3246 you reached level 2 of The Gnomish Mines. On T:3555 you reached level 3 of The Gnomish Mines. On T:3777 you advanced to experience level 6. On T:3950 you reached level 4 of The Gnomish Mines. On T:4356 you reached level 5 of The Gnomish Mines. On T:4510 you reached level 6 of The Gnomish Mines. On T:5092 you advanced to experience level 7. On T:8120 you reached level 7 of The Dungeons of Doom. On T:8282 you reached level 8 of The Dungeons of Doom. On T:8636 you reached level 9 of The Dungeons of Doom. On T:8799 you advanced to experience level 8. On T:9076 you reached level 10 of The Dungeons of Doom. On T:9200 you reached level 11 of The Dungeons of Doom. On T:12976 you reached level 4 of Sokoban. On T:13465 you reached level 3 of Sokoban. On T:14195 you advanced to experience level 9. On T:14254 you reached level 2 of Sokoban. On T:14741 you reached level 1 of Sokoban. On T:17817 you reached level 12 of The Dungeons of Doom. On T:18178 you reached level 13 of The Dungeons of Doom. On T:18592 you advanced to experience level 10. On T:19104 you reached Fort Ludios. On T:21624 you reached level 7 of The Gnomish Mines. On T:21798 you reached level 8 of The Gnomish Mines. On T:22977 you were saved from death by your amulet of life saving! On T:23987 you reached level 14 of The Dungeons of Doom. On T:24559 you reached level 15 of The Dungeons of Doom. On T:24784 you advanced to experience level 11. On T:25056 you reached level 16 of The Dungeons of Doom. On T:25534 you reached level 17 of The Dungeons of Doom. On T:25825 you reached level 18 of The Dungeons of Doom. On T:26149 you reached level 19 of The Dungeons of Doom. On T:26506 you reached level 20 of The Dungeons of Doom. On T:27143 you reached level 21 of The Dungeons of Doom. On T:27728 you reached level 22 of The Dungeons of Doom. On T:28091 you reached level 23 of The Dungeons of Doom. On T:30088 you advanced to experience level 12. Score breakdown: Gold: 3883 (12209 points) Experience: 12 levels (18476 points) Exploration: 23 levels ( 47.92%) (20525 points) Discoveries: 3 items ( 1.22%) ( 3312 points) Valuables value: (no points given unless you survive) Artifact value: 0 ( 0 points) Variety of kills: 175 monsters ( 45.93%) (20331 points) Turncount: 32339 turns (-4112 points) Survival: died (score multiplied by 80%) Total score: 56592 Latest messages: You hit it. The mind flayer hits! The mind flayer's tentacles suck you! Your brain is eaten! You feel stupid! The mind flayer misses. (2x) You hear someone counting money. You hit it. The mind flayer misses. The mind flayer's tentacles suck you! Your brain is eaten! You feel very stupid! The mind flayer's tentacles suck you! Your brain is eaten! You feel stupid! The mind flayer's tentacles suck you! Your brain is eaten! Your last thought fades away. The chest is empty. The chest is empty. Final status: Farvel Zazza the Valkyrie, killed by brainlessness... You died in The Dungeons of Doom on dungeon level 18 with 56592 points, and 3883 pieces of gold, after 32339 moves. You were level 12 with a maximum of 110 hit points when you died.